| TOP OF THE 1ST |
|
Lodi Crushers batting - Pitching for Salinas Fire Frogs : RHP David Wong
|
|
Pitching: RHP David Wong
|
|
|
Batting: LHB Kal Daniels
|
0-0: Ball 1-0: Ball 2-0: Called Strike 2-1: DOUBLE (Line Drive, 78D, EV 108.1 MPH)
|
|
Batting: RHB Dave Lebeau
|
0-0: Ball 1-0: Foul Ball, location: 2F 1-1: Swinging Strike 1-2: Foul Ball, location: 2F 1-2: SINGLE (Line Drive, 4MD, EV 110.6 MPH) Kal Daniels to third Runner from 3rd tries for Home, SAFE, throw by CF to home
|
|
Batting: RHB Carmelo Martinez
|
0-0: Called Strike Dave Lebeau steals 2nd base 0-1: Swinging Strike 0-2: Ball 1-2: Fly out, F4 (Flyball, 34D, EV 74.4 MPH)
|
|
Batting: LHB Fred McGriff
|
0-0: Ball 1-0: Swinging Strike 1-1: Fly out, F7 (Line Drive, 7S, EV 103.1 MPH)
|
|
Batting: RHB Terry McGriff
|
0-0: Called Strike 0-1: Ball 1-1: Swinging Strike 1-2: Ball 2-2: Ball 3-2: Reached on error, E5 (Groundball, 5, EV 78.8 MPH) Dave Lebeau to third
|
|
Batting: RHB Mark Van Blaricom
|
0-0: Ball 1-0: Ball 2-0: Called Strike 2-1: DOUBLE (Line Drive, 89D, EV 100.0 MPH) Dave Lebeau scores Terry McGriff to third
|
|
Batting: LHB Roger Frash
|
0-0: Called Strike 0-1: Foul Ball, location: 2F 0-2: Strikes out looking
|
| Top of the 1st over - 2 runs, 3 hits, 1 error, 2 left on base; Lodi 2 - Salinas 0 |
| BOTTOM OF THE 1ST |
|
Salinas Fire Frogs batting - Pitching for Lodi Crushers : RHP Larry Lamonde
|
|
Pitching: RHP Larry Lamonde
|
|
|
Batting: RHB Bobby Morin
|
0-0: Ground out 1-3 (Groundball, 34S, EV 66.9 MPH)
|
|
Batting: LHB Kent Keiser
|
0-0: Swinging Strike 0-1: Ball 1-1: Ball 2-1: Ball 3-1: Called Strike 3-2: Foul Ball, location: 2F 3-2: Fly out, F7 (Flyball, 78S, EV 85.6 MPH)
|
|
Batting: RHB Kevin Mitchell
|
0-0: Called Strike 0-1: Fly out, F8 (Flyball, 8RD, EV 93.1 MPH)
|
| Bottom of the 1st over - 0 runs, 0 hits, 0 errors, 0 left on base; Lodi 2 - Salinas 0 |
| TOP OF THE 2ND |
|
Lodi Crushers batting - Pitching for Salinas Fire Frogs : RHP David Wong
|
|
Batting: LHB Jeff Reed
|
0-0: Ball 1-0: SINGLE (Line Drive, 89S, EV 95.0 MPH)
|
|
Batting: RHB Chris Baker
|
0-0: Called Strike 0-1: Grounds into double play, 4-6-3 (Groundball, 4, EV 79.4 MPH)
|
|
Batting: LHB Kal Daniels
|
0-0: Foul Ball, location: 2F 0-1: Ball 1-1: Ball 2-1: Foul Ball, location: 2F 2-2: Strikes out looking
|
| Top of the 2nd over - 0 runs, 1 hit, 0 errors, 0 left on base; Lodi 2 - Salinas 0 |
| BOTTOM OF THE 2ND |
|
Salinas Fire Frogs batting - Pitching for Lodi Crushers : RHP Larry Lamonde
|
|
Batting: RHB Bruce Morrison
|
0-0: Ball 1-0: Foul Ball, location: 2F 1-1: Ball 2-1: Ball 3-1: Base on Balls
|
|
Batting: LHB Daryl Pitts
|
0-0: Ball 1-0: Ball 2-0: Called Strike 2-1: Foul Ball, location: 2F 2-2: Ball 3-2: DOUBLE (Groundball, 3L, EV 111.3 MPH) Bruce Morrison to third Runner from 3rd tries for Home, SAFE, throw by RF to trailing runner, SAFE at third!
|
|
Batting: LHB Raymond Smith
|
0-0: Ball 1-0: Foul Ball, location: 2F 1-1: Called Strike 1-2: Ball 2-2: Foul Ball, location: 2F 2-2: Hit by Pitch
|
|
Batting: LHB Charles McGehee
|
0-0: Swinging Strike 0-1: Called Strike 0-2: Ball 1-2: Ball 2-2: SINGLE (Groundball, 34, EV 103.1 MPH) Daryl Pitts scores Raymond Smith to second Runner from 2nd tries for 3rd, SAFE, no throw by RF
|
|
Batting: RHB Ramon Jimenez
|
0-0: Swinging Strike 0-1: Ball 1-1: Swinging Strike 1-2: Foul Ball, location: 2F 1-2: Ball 2-2: Ball 3-2: SINGLE (Line Drive, 78S, EV 105.0 MPH) Raymond Smith scores Charles McGehee to second Charles McGehee to third
|
|
Batting: RHB Timothy Hume
|
0-0: Ball Wild Pitch! Charles McGehee scores Ramon Jimenez to second 1-0: Ball 2-0: Foul Ball, location: 2F 2-1: Foul Ball, location: 2F 2-2: Ground out 6-3 (Groundball, 6M, EV 84.4 MPH) Ramon Jimenez to third
|
|
Batting: RHB Bobby Morin
|
0-0: Fly out, F9 (Flyball, 9LM, EV 82.5 MPH) Runner from 3rd tags up, SCORES, throw by RF
|
|
Batting: LHB Kent Keiser
|
0-0: Ball 1-0: Swinging Strike 1-1: Swinging Strike 1-2: Strikes out swinging
|
| Bottom of the 2nd over - 5 runs, 3 hits, 0 errors, 0 left on base; Lodi 2 - Salinas 5 |
| TOP OF THE 3RD |
|
Lodi Crushers batting - Pitching for Salinas Fire Frogs : RHP David Wong
|
|
Batting: RHB Dave Lebeau
|
0-0: Ball 1-0: Ball 2-0: Fly out, F7 (Flyball, 7LM, EV 104.4 MPH)
|
|
Batting: RHB Carmelo Martinez
|
0-0: Ball 1-0: SINGLE (Line Drive, 89M, EV 103.1 MPH)
|
|
Batting: LHB Fred McGriff
|
0-0: Ball 1-0: Called Strike 1-1: Foul Ball, location: 2F 1-2: Grounds out, U3 (Groundball, 3L, EV 80.0 MPH)
|
|
Batting: RHB Terry McGriff
|
0-0: Called Strike 0-1: Ball 1-1: Foul Ball, location: 2F 1-2: Strikes out swinging
|
| Top of the 3rd over - 0 runs, 1 hit, 0 errors, 1 left on base; Lodi 2 - Salinas 5 |
| BOTTOM OF THE 3RD |
|
Salinas Fire Frogs batting - Pitching for Lodi Crushers : RHP Larry Lamonde
|
|
Batting: RHB Kevin Mitchell
|
0-0: Ball 1-0: Ball 2-0: Ball 3-0: Called Strike 3-1: SINGLE (Groundball, 6M, EV 80.6 MPH) (infield hit)
|
|
Batting: RHB Bruce Morrison
|
0-0: Ball 1-0: Ball 2-0: Called Strike 2-1: Foul Ball, location: 2F 2-2: Ground out 6-3 (Groundball, 6S, EV 65.0 MPH) Kevin Mitchell to second
|
|
Batting: LHB Daryl Pitts
|
0-0: Ball 1-0: Foul Ball, location: 2F 1-1: Called Strike 1-2: Ball 2-2: Ball 3-2: Base on Balls
|
|
Batting: LHB Raymond Smith
|
0-0: Foul Ball, location: 2F 0-1: Grounds into double play, 1-6-3 (Groundball, 23, EV 70.0 MPH)
|
| Bottom of the 3rd over - 0 runs, 1 hit, 0 errors, 1 left on base; Lodi 2 - Salinas 5 |
| TOP OF THE 4TH |
|
Lodi Crushers batting - Pitching for Salinas Fire Frogs : RHP David Wong
|
|
Batting: RHB Mark Van Blaricom
|
0-0: Foul Ball, location: 2F 0-1: Foul Ball, location: 2F 0-2: Ball 1-2: Strikes out swinging
|
|
Batting: LHB Roger Frash
|
0-0: Fly out, F9 (Flyball, 9S, EV 85.6 MPH)
|
|
Batting: LHB Jeff Reed
|
0-0: Ball 1-0: Foul Ball, location: 2F 1-1: Swinging Strike 1-2: SINGLE (Groundball, 56D, EV 102.5 MPH)
|
|
Batting: RHB Chris Baker
|
0-0: Swinging Strike 0-1: Swinging Strike 0-2: Ball 1-2: Fly out, F7 (Flyball, 7, EV 78.1 MPH)
|
| Top of the 4th over - 0 runs, 1 hit, 0 errors, 1 left on base; Lodi 2 - Salinas 5 |
| BOTTOM OF THE 4TH |
|
Salinas Fire Frogs batting - Pitching for Lodi Crushers : RHP Larry Lamonde
|
|
Batting: LHB Charles McGehee
|
0-0: Called Strike 0-1: Foul Ball, location: 2F 0-2: Ball 1-2: Strikes out swinging
|
|
Batting: RHB Ramon Jimenez
|
0-0: Called Strike 0-1: Called Strike 0-2: Ball 1-2: Foul Ball, location: 2F 1-2: Reached on error, E5 (Groundball, 5, EV 103.1 MPH)
|
|
Batting: RHB Timothy Hume
|
0-0: Called Strike 0-1: Foul Ball, location: 2F 0-2: SINGLE (Line Drive, 34, EV 97.5 MPH) Ramon Jimenez to third Runner from 3rd tries for Home, SAFE, throw by RF to home
|
|
Batting: RHB Bobby Morin
|
0-0: Ball 1-0: Called Strike 1-1: Ball Timothy Hume steals 2nd base 2-1: Foul Ball, location: 2F 2-2: DOUBLE (Flyball, 8RXD, EV 100.6 MPH) Timothy Hume scores
|
|
Pitching: RHP Ted Davis
|
|
|
Batting: LHB Kent Keiser
|
0-0: Ball 1-0: Ball 2-0: Ball 3-0: Called Strike 3-1: Base on Balls
|
|
Batting: RHB Kevin Mitchell
|
0-0: Ball 1-0: Ball 2-0: Ball 3-0: Foul Ball, location: 2F 3-1: Called Strike 3-2: Base on Balls Bobby Morin to third Kent Keiser to second
|
|
Batting: RHB Bruce Morrison
|
0-0: Ball 1-0: Called Strike 1-1: Ball 2-1: Grounds into double play, 6-4-3 (Groundball, 6, EV 96.9 MPH)
|
| Bottom of the 4th over - 2 runs, 2 hits, 1 error, 2 left on base; Lodi 2 - Salinas 7 |
| TOP OF THE 5TH |
|
Lodi Crushers batting - Pitching for Salinas Fire Frogs : RHP David Wong
|
|
Batting: LHB Kal Daniels
|
0-0: Called Strike 0-1: Ball 1-1: Ball 2-1: Foul Ball, location: 2F 2-2: Foul Ball, location: 2F 2-2: SOLO HOME RUN (Flyball, 89XD, EV 95.0 MPH), Distance : 421 ft
|
|
Batting: RHB Dave Lebeau
|
0-0: DOUBLE (Line Drive, 9LM, EV 113.1 MPH)
|
|
Batting: RHB Carmelo Martinez
|
0-0: Ball 1-0: Ball 2-0: Called Strike 2-1: Swinging Strike 2-2: Ball 3-2: Base on Balls
|
|
Batting: LHB Fred McGriff
|
0-0: Ball 1-0: SINGLE (Line Drive, 34, EV 103.1 MPH) Dave Lebeau to third Carmelo Martinez to second
|
|
Batting: RHB Terry McGriff
|
0-0: Ball 1-0: Ball 2-0: Ball 3-0: Called Strike 3-1: Fly out, F7 (Flyball, 7S, EV 86.3 MPH)
|
|
Batting: RHB Mark Van Blaricom
|
0-0: Ball 1-0: Ball 2-0: DOUBLE (Line Drive, 89D, EV 111.9 MPH) Dave Lebeau scores Carmelo Martinez scores Fred McGriff to third
|
|
Batting: LHB Roger Frash
|
0-0: Called Strike 0-1: SINGLE (Line Drive, 78S, EV 105.0 MPH) Fred McGriff scores Mark Van Blaricom to third Runner from 3rd tries for Home, SAFE, throw by LF to home
|
|
Pitching: RHP John Bulleri
|
|
|
Batting: LHB Jeff Reed
|
0-0: Swinging Strike 0-1: Called Strike 0-2: Ball 1-2: Ball 2-2: Fly out, F4 (Popup, 4S, EV 70.0 MPH)
|
|
Batting: RHB Chris Baker
|
0-0: Ball 1-0: Fielders Choice at 2nd, 5-4 (Groundball, 56, EV 90.6 MPH)
|
| Top of the 5th over - 5 runs, 5 hits, 0 errors, 1 left on base; Lodi 7 - Salinas 7 |
| BOTTOM OF THE 5TH |
|
Salinas Fire Frogs batting - Pitching for Lodi Crushers : RHP Ted Davis
|
|
Batting: LHB Daryl Pitts
|
0-0: Ball 1-0: Fly out, F8 (Flyball, 8RM, EV 74.4 MPH)
|
|
Batting: LHB Raymond Smith
|
0-0: Ball 1-0: Ball 2-0: Called Strike 2-1: Foul Ball, location: 2F 2-2: Ball 3-2: Fly out, F8 (Flyball, 8LS, EV 88.8 MPH)
|
|
Batting: LHB Charles McGehee
|
0-0: Ball 1-0: Called Strike 1-1: Swinging Strike 1-2: Strikes out swinging
|
| Bottom of the 5th over - 0 runs, 0 hits, 0 errors, 0 left on base; Lodi 7 - Salinas 7 |
| TOP OF THE 6TH |
|
Lodi Crushers batting - Pitching for Salinas Fire Frogs : RHP John Bulleri
|
|
Batting: LHB Kal Daniels
|
0-0: Ball 1-0: Ball 2-0: Called Strike 2-1: Ball 3-1: Base on Balls
|
|
Batting: RHB Dave Lebeau
|
0-0: Called Strike 0-1: Ball 1-1: Sac Bunt to P - play at first, batter safe! Kal Daniels to second
|
|
Batting: RHB Carmelo Martinez
|
0-0: Called Strike 0-1: Ball 1-1: Ball 2-1: Ball 3-1: Base on Balls Kal Daniels to third Dave Lebeau to second
|
|
Batting: LHB Fred McGriff
|
0-0: Called Strike 0-1: Swinging Strike 0-2: DOUBLE (Groundball, 5L, EV 101.3 MPH) Kal Daniels scores Dave Lebeau scores Carmelo Martinez to third Runner from 3rd tries for Home, SAFE, no throw by LF
|
|
Batting: RHB Terry McGriff
|
0-0: Ball 1-0: Ball 2-0: DOUBLE (Line Drive, 7LD, EV 104.4 MPH) Fred McGriff scores
|
|
Batting: RHB Mark Van Blaricom
|
0-0: Swinging Strike 0-1: Ball 1-1: Foul Ball, location: 2F 1-2: Foul Ball, location: 2F 1-2: Ball 2-2: SINGLE (Groundball, 6, EV 95.0 MPH) Terry McGriff to third Runner from 3rd tries for Home, SAFE, throw by LF to home Mark Van Blaricom to second
|
|
Batting: LHB Roger Frash
|
0-0: Ball 1-0: Foul Ball, location: 2F 1-1: Called Strike 1-2: Ball 2-2: Strikes out swinging
|
|
Batting: LHB Jeff Reed
|
0-0: Called Strike 0-1: Ball 1-1: Ball 2-1: Ball 3-1: Swinging Strike 3-2: Foul Ball, location: 2F 3-2: Base on Balls
|
|
Batting: RHB Chris Baker
|
0-0: SINGLE (Groundball, 4D, EV 96.3 MPH) Mark Van Blaricom to third Jeff Reed to second Runner from 3rd tries for Home, SAFE, throw by CF to home
|
|
Batting: LHB Kal Daniels
|
0-0: Called Strike 0-1: Called Strike 0-2: Foul Ball, location: 2F 0-2: Ball 1-2: 3-RUN HOME RUN (Flyball, 89XD, EV 95.6 MPH), Distance : 447 ft
|
|
Pitching: RHP Thomas Schneider
|
|
|
Batting: RHB Dave Lebeau
|
0-0: Foul Ball, location: 2F 0-1: Fly out, F8 (Flyball, 8LXD, EV 97.5 MPH)
|
|
Batting: RHB Carmelo Martinez
|
0-0: Called Strike 0-1: Foul Ball, location: 2F 0-2: Strikes out looking
|
| Top of the 6th over - 9 runs, 6 hits, 0 errors, 0 left on base; Lodi 16 - Salinas 7 |
| BOTTOM OF THE 6TH |
|
Salinas Fire Frogs batting - Pitching for Lodi Crushers : RHP Ted Davis
|
|
Batting: RHB Ramon Jimenez
|
0-0: Called Strike 0-1: Swinging Strike 0-2: Fly out, F4 (Line Drive, 4, EV 74.4 MPH)
|
|
Batting: RHB Timothy Hume
|
0-0: Ball 1-0: Foul Ball, location: 2F 1-1: Ball 2-1: Swinging Strike 2-2: Ball 3-2: Reached on error, E6 (Groundball, 56, EV 86.3 MPH)
|
|
Batting: RHB Bobby Morin
|
0-0: Called Strike 0-1: Ball 1-1: Fielders Choice at 2nd, 6-4 (Groundball, 6, EV 85.0 MPH)
|
|
Batting: LHB Kent Keiser
|
0-0: Ball 1-0: Ball 2-0: Ball 3-0: Called Strike 3-1: Fly out, F1 (Line Drive, P, EV 66.9 MPH)
|
| Bottom of the 6th over - 0 runs, 0 hits, 1 error, 1 left on base; Lodi 16 - Salinas 7 |
| TOP OF THE 7TH |
|
Lodi Crushers batting - Pitching for Salinas Fire Frogs : RHP Thomas Schneider
|
|
Batting: LHB Fred McGriff
|
0-0: Ball 1-0: Ball 2-0: Ground out 5-3 (Groundball, 5, EV 96.9 MPH)
|
|
Pinch Hitting: RHB Jose Morales
|
0-0: Ball 1-0: Foul Ball, location: 2F 1-1: Called Strike 1-2: Foul Ball, location: 2F 1-2: Foul Ball, location: 2F 1-2: Ball 2-2: Foul Ball, location: 2F 2-2: Foul Ball, location: 2F 2-2: Strikes out swinging
|
|
Pinch Hitting: RHB Andy Vargas
|
0-0: Ball 1-0: Ball 2-0: Ground out 5-3 (Groundball, 56S, EV 83.8 MPH)
|
| Top of the 7th over - 0 runs, 0 hits, 0 errors, 0 left on base; Lodi 16 - Salinas 7 |
| BOTTOM OF THE 7TH |
|
Salinas Fire Frogs batting - Pitching for Lodi Crushers : RHP Ted Davis
|
|
Now at 3B: Steve Aragon
|
|
|
Now at SS: Jose Morales
|
|
|
Pinch Hitting: LHB Richard Vitato
|
0-0: Called Strike 0-1: SINGLE (Groundball, P, EV 86.9 MPH) (infield hit)
|
|
Pinch Hitting: RHB Richard Doss
|
0-0: Called Strike 0-1: Ball 1-1: Foul Ball, location: 2F 1-2: Foul Ball, location: 2F 1-2: Foul Ball, location: 2F 1-2: Ball 2-2: SINGLE (Line Drive, 4D, EV 100.6 MPH) Richard Vitato to second
|
|
Batting: LHB Daryl Pitts
|
0-0: Called Strike 0-1: Ball 1-1: Foul Ball, location: 2F 1-2: Foul Ball, location: 2F 1-2: Fly out, F4 (Popup, 34S, EV 71.3 MPH)
|
|
Batting: LHB Raymond Smith
|
0-0: Ball 1-0: Foul Ball, location: 2F 1-1: Ball 2-1: Fly out, F9 (Flyball, 9, EV 89.4 MPH)
|
|
Batting: LHB Charles McGehee
|
0-0: Ball 1-0: Ball 2-0: Ball 3-0: Called Strike 3-1: Base on Balls Richard Vitato to third Richard Doss to second
|
|
Batting: RHB Ramon Jimenez
|
0-0: Called Strike 0-1: Ground out 5-3 (Groundball, 56S, EV 82.5 MPH)
|
| Bottom of the 7th over - 0 runs, 2 hits, 0 errors, 3 left on base; Lodi 16 - Salinas 7 |
| TOP OF THE 8TH |
|
Lodi Crushers batting - Pitching for Salinas Fire Frogs : RHP Thomas Schneider
|
|
Now at 1B: Paul Ondo
|
|
|
Now at 2B: Richard Vitato
|
|
|
Batting: LHB Roger Frash
|
0-0: Called Strike 0-1: Fly out, F8 (Line Drive, 8RM, EV 105.0 MPH)
|
|
Batting: LHB Jeff Reed
|
0-0: Ball 1-0: Ground out 2-3 (Groundball, 2L, EV 75.6 MPH)
|
|
Pinch Hitting: RHB Rickey Coleman
|
0-0: Foul Ball, location: 2F 0-1: Foul Ball, location: 2F 0-2: Ball 1-2: Strikes out swinging
|
| Top of the 8th over - 0 runs, 0 hits, 0 errors, 0 left on base; Lodi 16 - Salinas 7 |
| BOTTOM OF THE 8TH |
|
Salinas Fire Frogs batting - Pitching for Lodi Crushers : RHP Ted Davis
|
|
Now in CF: Rickey Coleman
|
|
|
Batting: RHB Timothy Hume
|
0-0: Called Strike 0-1: Swinging Strike 0-2: Ball 1-2: Strikes out swinging
|
|
Batting: RHB Bobby Morin
|
0-0: Ball 1-0: Ball 2-0: Called Strike 2-1: Foul Ball, location: 2F 2-2: Fly out, F7 (Flyball, 7LD, EV 101.3 MPH)
|
|
Batting: LHB Kent Keiser
|
0-0: Ground out 4-3 (Groundball, 4, EV 88.1 MPH)
|
| Bottom of the 8th over - 0 runs, 0 hits, 0 errors, 0 left on base; Lodi 16 - Salinas 7 |
| TOP OF THE 9TH |
|
Lodi Crushers batting - Pitching for Salinas Fire Frogs : RHP Thomas Schneider
|
|
Pinch Hitting: LHB Bryan Snyder
|
0-0: Called Strike 0-1: Ball 1-1: Ball 2-1: Ball 3-1: Base on Balls
|
|
Batting: RHB Dave Lebeau
|
0-0: Called Strike 0-1: Called Strike 0-2: Fly out, F5 (Line Drive, 56, EV 81.3 MPH)
|
|
Pinch Hitting: RHB Kerry Baker
|
0-0: Ball 1-0: Called Strike 1-1: Ball 2-1: Ball 3-1: Called Strike 3-2: Foul Ball, location: 2F 3-2: Base on Balls Bryan Snyder to second
|
|
Batting: LHB Fred McGriff
|
0-0: SINGLE (Groundball, 4MD, EV 103.8 MPH) Bryan Snyder to third Kerry Baker to second
|
|
Batting: RHB Jose Morales
|
0-0: SINGLE (Groundball, 6D, EV 106.9 MPH) Bryan Snyder scores Kerry Baker to third Fred McGriff to second Runner from 3rd tries for Home, SAFE, throw by CF to home
|
|
Batting: RHB Steve Aragon
|
0-0: Fly out, F4 (Flyball, 34D, EV 93.1 MPH)
|
|
Pinch Hitting: LHB Francisco Jabalera
|
0-0: Swinging Strike 0-1: Ball 1-1: SINGLE (Groundball, 4MD, EV 100.0 MPH) Fred McGriff to third Jose Morales to second Runner from 3rd tries for Home, SAFE, throw by CF to home
|
|
Pinch Hitting: RHB John Empting
|
0-0: Hit by Pitch Jose Morales to third Francisco Jabalera to second
|
|
Batting: RHB Rickey Coleman
|
0-0: Foul Ball, location: 2F 0-1: Ball 1-1: Ball 2-1: Ball 3-1: Swinging Strike 3-2: Strikes out looking
|
| Top of the 9th over - 3 runs, 3 hits, 0 errors, 3 left on base; Lodi 19 - Salinas 7 |
| BOTTOM OF THE 9TH |
|
Salinas Fire Frogs batting - Pitching for Lodi Crushers : RHP Ted Davis
|
|
Now at C: Kerry Baker
|
|
|
Now at 1B: Robbie Geels
|
|
|
Now in LF: Francisco Jabalera
|
|
|
Now in CF: Bryan Snyder
|
|
|
Batting: LHB Richard Vitato
|
0-0: Called Strike 0-1: SINGLE (Groundball, 56, EV 101.9 MPH)
|
|
Batting: LHB Paul Ondo
|
0-0: Ball 1-0: Ball 2-0: Ball 3-0: Called Strike 3-1: Base on Balls Richard Vitato to second
|
|
Batting: LHB Daryl Pitts
|
0-0: Ball 1-0: Foul Ball, location: 2F 1-1: Called Strike 1-2: 3-RUN HOME RUN (Flyball, 9D, EV 105.6 MPH), Distance : 384 ft
|
|
Pitching: RHP Homer Moncrief
|
|
|
Batting: LHB Raymond Smith
|
0-0: Called Strike 0-1: Ball 1-1: Ground out 3-1 (Groundball, 34S, EV 82.5 MPH)
|
|
Batting: LHB Charles McGehee
|
0-0: Ball 1-0: Ball 2-0: Ball 3-0: Called Strike 3-1: Called Strike 3-2: Foul Ball, location: 2F 3-2: Fly out, F7 (Flyball, 78M, EV 95.0 MPH)
|
|
Batting: RHB Ramon Jimenez
|
0-0: Called Strike 0-1: Ball 1-1: Ground out 5-3 (Groundball, 5L, EV 81.3 MPH)
|
| Bottom of the 9th over - 3 runs, 2 hits, 0 errors, 0 left on base; Lodi 19 - Salinas 10 |
|